 Dungeon Crawl Stone Soup version 0.24-a0-106-gcea5463 (webtiles) character file.

Game seed: 9611504747430824501

4058 galech the Cleaver (level 10, -8/76 HPs)
             Began as a Demonspawn Fighter on Feb 13, 2019.
             Was a Believer of Okawaru.
             Mangled by an orc warrior
             ... wielding a +0 long sword
              (14 damage)
             ... on level 9 of the Dungeon.
             The game lasted 00:11:43 (9170 turns).

galech the Cleaver (Demonspawn Fighter)             Turns: 9170, Time: 00:11:44

Health: -8/76      AC: 10    Str: 17    XL:     10   Next: 4%
Magic:  0/10       EV:  8    Int: 10    God:    Okawaru [**....]
Gold:   114        SH:  9    Dex: 15    Spells: 9/9 levels left

rFire    . . .     SeeInvis .   a - +0 war axe
rCold    + . .     Gourm    .   c - +0 shield
rNeg     . . .     Faith    .   d - +2 chain mail {rPois}
rPois    +         Spirit   +   (no helmet)
rElec    .         Reflect  .   (no cloak)
rCorr    .         Harm     .   (no gloves)
MR       .....                  (no boots)
Stlth    ..........             (no amulet)
HPRegen  0.22/turn              (no ring)
MPRegen  0.24/turn              (no ring)

@: very heavily drained, repel missiles
A: repulsion field 3, cold resistance 1, magic shield, magic regeneration
a: Heroism, Renounce Religion


You were on level 9 of the Dungeon.
You worshipped Okawaru.
Okawaru was pleased with you.
You were very hungry.

You visited 2 branches of the dungeon, and saw 10 of its levels.

You collected 114 gold pieces.

Inventory:

Hand Weapons
 a - a +0 war axe (weapon)
 p - a +0 hand axe of flaming
 E - the +2 trident "Saolun" {antimagic, rElec rF+ Int-4}
   (You found it on level 9 of the Dungeon)

   It reduces the magical energy of the wielder, and disrupts the spells and
   magical abilities of those hit.
   Natural abilities and divine invocations are not affected.
   It affects your intelligence (-4).
   It protects you from fire.
   It insulates you from electricity.
Armour
 c - a +0 shield (worn)
 d - a +2 chain mail of poison resistance (worn)
 l - a +2 leather armour of cold resistance
Wands
 s - a wand of flame (12)
 y - a wand of iceblast (11)
 z - a wand of acid (6)
 D - a wand of polymorph (13)
Scrolls
 e - a scroll of acquirement {unknown}
 g - 4 scrolls of enchant armour
 h - 5 scrolls of remove curse
 j - a scroll of amnesia
 m - a scroll of random uselessness {unknown}
 n - 2 scrolls of immolation
 o - 5 scrolls of teleportation
 q - 2 scrolls of magic mapping
 r - 2 scrolls of fog
 x - a scroll of blinking
 A - a scroll of noise {unknown}
 B - a scroll of identify
 C - a scroll of summoning {unknown}
Potions
 b - a potion of agility {unknown}
 i - 2 potions of resistance
 k - a potion of mutation {unknown}
 t - a potion of curing
 u - a potion of flight {unknown}
 v - 2 potions of haste {unknown}
 w - a potion of degeneration {unknown}
Comestibles
 f - 22 rations


   Skills:
 + Level 6.0(1.8) Fighting
 + Level 8.8(4.3) Axes
 + Level 6.1(1.8) Armour
 + Level 2.6(0.0) Dodging
 + Level 1.0(0.0) Stealth
 + Level 6.9(2.6) Shields
 + Level 0.1(0.0) Invocations


You had 9 spell levels left.
You didn't know any spells.
Your spell library contained the following spells:

 Spells                   Type           Power        Failure   Level  Hunger
 Infusion                 Chrm           #...         100%        1    ##.....
 Shroud of Golubria       Chrm/Tloc      #.........   100%        2    ###....
 Song of Slaying          Chrm           #.......     100%        2    ###....
 Regeneration             Chrm/Necr      #.........   100%        3    ####...
 Spectral Weapon          Hex/Chrm       #.......     100%        3    ####...


Dungeon Overview and Level Annotations

Branches:
Dungeon (9/15)             Temple (1/1) D:5             Orc (0/2) D:9
   Lair: D:8-11

Altars:
Ashenzari
Cheibriados
Fedhas
Hepliaklqana
Kikubaaqudgha
Makhleb
Okawaru
Ru
Sif Muna
Trog
Uskayaw
Vehumet
Xom
Yredelemnul
The Shining One

Shops:
D:9 !

Annotations:
D:4 2 transporters
D:8 Maurice


Innate Abilities, Weirdness & Mutations

You are surrounded by a strong repulsion field. (EV +4, RMsl)
Your flesh is cold resistant. (rC+)
When hurt, damage is shared between your health and your magic reserves.
You regenerate magic rapidly.


Message History

You kill the warg!
Okawaru accepts your kill.
You slash the orc warrior!
The orc warrior is heavily wounded.
The orc warrior hits you but does no damage.
The orc priest invokes the aid of Beogh against you.
Beogh smites you!
* * * LOW HITPOINT WARNING * * *
You closely miss the orc warrior.
The orc warrior is heavily wounded.
You feel like a meek peon again.
You completely miss the orc priest. You barely miss the orc warrior.
The orc warrior hits you with a +0 long sword!
* * * LOW HITPOINT WARNING * * *
You block the orc priest's attack.
You hit the orc priest.
The orc priest is lightly wounded.
You hit the orc warrior but do no damage.
The orc warrior hits you with a +0 long sword!
You die...

..........######+ #.
##......##### #. #...........#
##.##########+###..........+
#...##........###....#.....#
#.......####...##....#.....#
##....8.##..##.8.#.##########
#>......+.(o.oo..#.# ####....8.##
##@8.#.######
...#.......####...##......# ####
...#...##........###......# #...
...##.##########+# #......####.##
....#..##........###......+.....#
....#......####...##.........#..#
....##....##..##..........._....#
.....#......[............_..._..#
###..##...##..##..............).#


You could see an orc warrior and 2 orc priests.

Vanquished Creatures
  A hornet (D:8)
  Eustachio (D:4)
  A warg (D:9)
  3 sky beasts
  4 phantoms
  A black bear (D:7)
  3 ice beasts
  A necrophage (D:7)
  An ogre (D:9)
  8 centaurs
  4 big kobolds
  2 bullfrogs (D:6)
  A water moccasin zombie (D:7)
  3 howler monkeys
  A crimson imp (D:2)
  2 quasits
  A centaur zombie (D:4)
  9 hounds
  A bullfrog skeleton (D:5)
  6 orc wizards
  An iguana (D:6)
  Jessica (D:2)
  Terence (D:2)
  7 worker ants
  2 hound zombies
  A hound skeleton (D:4)
  A howler monkey zombie (D:8)
  7 adders
  10 gnolls
  2 shadow imps (D:5)
  2 oozes
  A worm (D:4)
  2 dart slugs
  5 leopard geckos
  23 orcs
  3 ball pythons
  6 giant cockroaches
  4 hobgoblins
  10 jackals
  5 quokkas
  8 bats
  8 frilled lizards
  12 goblins
  A jackal zombie (D:5)
  24 kobolds
  2 leopard gecko skeletons
  A leopard gecko zombie (D:6)
  A quokka zombie (D:7)
  3 rats (D:2)
208 creatures vanquished.

Notes
Turn   | Place    | Note
-------+----------+-------------------------------------------
     0 | D:1      | galech the Demonspawn Fighter began the quest for the Orb.
     0 | D:1      | Reached XP level 1. HP: 18/18 MP: 1/1
   152 | D:1      | Gained mutation: When hurt, damage is shared between your
                  | health and your magic reserves. [demonic ancestry]
   152 | D:1      | Reached XP level 2. HP: 14/24 MP: 2/2
   278 | D:1      | Reached skill level 2 in Axes
   796 | D:1      | Gained mutation: Your flesh is cold resistant. (rC+)
                  | [demonic ancestry]
   796 | D:1      | Reached XP level 3. HP: 27/29 MP: 1/3
  1487 | D:2      | Noticed Jessica
  1493 | D:2      | Killed Jessica
  1493 | D:2      | Reached skill level 3 in Axes
  1493 | D:2      | Reached XP level 4. HP: 33/35 MP: 4/4
  1505 | D:2      | Found a burning altar of Makhleb.
  1630 | D:2      | Noticed Terence
  1653 | D:2      | Killed Terence
  1653 | D:2      | Reached skill level 1 in Dodging
  1653 | D:2      | Reached XP level 5. HP: 9/41 MP: 3/5
  2115 | D:3      | HP: 2/41 [gnoll/+0 halberd (7)]
  2516 | D:4      | Found a transporter.
  2547 | D:4      | Noticed Eustachio
  2875 | D:4      | Reached skill level 4 in Axes
  2894 | D:4      | HP: 2/41 [gnoll/+0 halberd (4)]
  2902 | D:4      | HP: 2/41 [gnoll/+0 halberd (1)]
  2907 | D:3      | Gained mutation: You regenerate magic rapidly. [demonic
                  | ancestry]
  2907 | D:3      | Reached XP level 6. HP: 3/47 MP: 1/6
  3302 | D:4      | Found a bloodstained altar of Trog.
  3443 | D:4      | HP: 1/47 [white imp[Eustachio] (2)]
  3445 | D:4      | Killed Eustachio
  3763 | D:4      | Gained mutation: You are surrounded by a mild repulsion
                  | field. (EV +2) [demonic ancestry]
  3763 | D:4      | Reached XP level 7. HP: 33/53 MP: 5/7
  3920 | D:4      | Found a transporter.
  4038 | D:5      | Entered Level 5 of the Dungeon
  4072 | D:5      | Reached skill level 5 in Axes
  4529 | D:5      | Found a staircase to the Ecumenical Temple.
  4529 | D:5      | You fall through a shaft for 2 floors!
  4612 | D:5      | Reached skill level 6 in Axes
  4612 | D:5      | Reached XP level 8. HP: 55/60 MP: 6/8
  4655 | D:5      | Found a hazy altar of Hepliaklqana.
  4702 | D:5      | Reached skill level 5 in Shields
  4731 | Temple   | Entered the Ecumenical Temple
  4757 | Temple   | Became a worshipper of Warmaster Okawaru
  5307 | D:6      | Reached skill level 7 in Axes
  5356 | D:6      | Reached skill level 5 in Fighting
  6208 | D:7      | Reached * piety under Okawaru
  6208 | D:7      | Gained mutation: You are surrounded by a moderate repulsion
                  | field. (EV +3) [demonic ancestry]
  6208 | D:7      | Reached XP level 9. HP: 52/68 MP: 9/9
  6311 | D:7      | Reached skill level 5 in Armour
  6447 | D:7      | Found an ancient bone altar of Kikubaaqudgha.
  6936 | D:7      | Reached ** piety under Okawaru
  7042 | D:7      | Reached skill level 8 in Axes
  7717 | D:8      | Reached skill level 1 in Stealth
  7852 | D:8      | Noticed Maurice
  8239 | D:9      | Found Atuorgh's Distillery.
  8294 | D:9      | Found a blossoming altar of Fedhas.
  8294 | D:9      | Found an ancient bone altar of Kikubaaqudgha.
  8315 | D:9      | Found a shattered altar of Ashenzari.
  8315 | D:9      | Found a radiant altar of Vehumet.
  8316 | D:9      | Found a snail-covered altar of Cheibriados.
  8319 | D:9      | Found a basalt altar of Yredelemnul.
  8319 | D:9      | Found a sacrificial altar of Ru.
  8320 | D:9      | Found a hide-covered altar of Uskayaw.
  8394 | D:9      | Got an ichor-stained robe
  8597 | D:9      | Gained mutation: You are surrounded by a strong repulsion
                  | field. (EV +4, RMsl) [demonic ancestry]
  8597 | D:9      | Reached XP level 10. HP: 35/76 MP: 7/10
  8770 | D:9      | Got a polished trident
  8771 | D:9      | Identified the cursed +2 trident "Saolun" {antimagic, rElec
                  | rF+ Int-4} (You found it on level 9 of the Dungeon)
  8783 | D:9      | Identified the +2 robe "Axate" {*Corrode Int+7} (You found
                  | it on level 9 of the Dungeon)
  9134 | D:9      | Found a staircase to the Orcish Mines.
  9170 | D:9      | Mangled by an orc warrior

Levels and vault maps discovered:
D:1:      arrival_zaba_pyramid, layout_basic
D:2:      layout_rooms, old_standard_altar, uniq_terence, uniq_jessica
D:3:      layout_rooms, first_ration, kennysheep_generic_room_16
D:4:      gammafunk_cloud_chamber, layout_loops_ring, bloody_trog,
          uniq_eustachio
D:5:      layout_rooms, nicolae_overflow_crystal_walls, temple_pool_b,
          minmay_manual_moon
D:6:      layout_loops_ring, minivault_5
D:7:      layout_loops_ring, serial_co_window_serial, co_window_paths_a,
          co_window_corner_a, co_window_paths_b, co_window_paths_a,
          co_window_of_opportunity_a, co_window_paths_c,
          co_window_of_opportunity_b, co_window_corner_b, co_window_paths_c,
          glass_columns_a, glass_columns_a, lemuel_centaur_altar
D:8:      layout_rooms, uniq_maurice
D:9:      layout_basic, grunt_temple_overflow_opulence,
          grunt_temple_overflow_open, david_orc_1_choice, serial_shops,
          nicolae_shop_temple_entry_statues_fountains, blue_anna_alchemist
          [blue_anna_fruit_fields, blue_anna_fruit_fields]
Temple:   cyrus_temple_forest

Skill      XL: |  1  2  3  4  5  6  7  8  9 |
---------------+----------------------------+-----
Axes           | 2 3 4 6 7 8 |  8.8
Shields        | 3 4 5 6 |  6.9
Dodging        | 1 2 |  2.6
Armour         | 3 4 6 |  6.1
Fighting       | 4 5 6 |  6.0
Stealth        | 1 |  1.0
Invocations    | |  0.1

Action                   |  1- 3 |  4- 6 |  7- 9 | 10-12 || total
-------------------------+-------+-------+-------+-------++-------
Melee: War axe           |   150 |   222 |   656 |    32 ||  1060
Invok: Heroism           |       |       |     4 |     1 ||     5
  Use: Potion            |       |     2 |       |       ||     2
       Scroll            |       |       |     8 |     1 ||     9
  Eat: Chunk             |     2 |     4 |    17 |     1 ||    24
       Ration            |       |     1 |       |       ||     1
Armor: Scale mail        |    77 |    31 |       |       ||   108
       Chain mail        |       |   216 |   435 |    13 ||   664
Dodge: Dodged            |    52 |   103 |   248 |    10 ||   413
Block: Shield            |    97 |   183 |   406 |     8 ||   694

Table legend:
 A = Non-vault XP
 B = Vault XP
 C = Vault XP percentage of total XP
 D = Non-vault monster count
 E = Vault monster count
 F = Vault count percentage of total count
                 A         B        C        D         E       F
            +---------+---------+-------+---------+---------+-------
      Total |    4650 |    1148 |  19.8 |     190 |      18 |   8.7
            +---------+---------+-------+---------+---------+-------
        D:1 |      52 |       0 |   0.0 |      28 |       0 |   0.0
        D:2 |     106 |      73 |  40.8 |      27 |       2 |   6.9
        D:3 |      84 |       4 |   4.5 |      14 |       2 |  12.5
        D:4 |     252 |     217 |  46.3 |      19 |       1 |   5.0
        D:5 |     639 |     139 |  17.9 |      22 |       5 |  18.5
        D:6 |    1020 |       0 |   0.0 |      28 |       0 |   0.0
        D:7 |    1480 |     443 |  23.0 |      33 |       4 |  10.8
        D:8 |     611 |       0 |   0.0 |      13 |       0 |   0.0
        D:9 |     406 |     272 |  40.1 |       6 |       4 |  40.0
            +---------+---------+-------+---------+---------+-------
